 Dungeon Crawl Stone Soup version 0.29-a0-1047-g7c58e119a4 (webtiles) character file.

Game seed: 17942518686112713598

3103 flotson the Trooper (level 9, -1/71 HPs)
             Began as a Demonspawn Delver on Aug 16, 2022.
             Was an Initiate of Gozag.
             Killed from afar by a gargoyle (20 damage)
             ... with a stone arrow
             ... on level 7 of the Dungeon on Aug 17, 2022.
             The game lasted 00:10:23 (6110 turns).

flotson the Trooper (Demonspawn Delver)             Turns: 6110, Time: 00:10:23

Health: -1/71      AC: 12    Str: 17    XL:     9   Next: 59%
Magic:  0/9        EV: 12    Int: 12    God:    Gozag
Gold:   375        SH:  5    Dex: 14    Spells: 8/8 levels left

rFire   . . .      SeeInvis .   a - +1 broad axe (drain)
rCold   . . .      Faith    .   b - +0 buckler
rNeg    + . .      Spirit   +   P - +3 ring mail {rPois}
rPois   +          Reflect  .   C - +0 helmet
rElec   .          Harm     .   (no cloak)
rCorr   .          Rampage  .   (no gloves)
Will    .....                   (no boots)
Stlth   ++........              O - amulet of guardian spirit
HPRegen 0.21/turn               l - +4 ring of slaying
MPRegen 0.11/turn               y - ring of positive energy

@: hasted, very quick
A: claws 1, slimy green scales 1, spiny 2
a: Renounce Religion, Potion Petition, Call Merchant, Bribe Branch


You were on level 7 of the Dungeon.
You worshipped Gozag.
Gozag was aware of your devotion.
You visited 2 branches of the dungeon, and saw 8 of its levels.

You collected 459 gold pieces.
You paid 84 gold pieces to Gozag.

Inventory:

Hand Weapons
 a - a +1 broad axe of draining (weapon)
Missiles
 L - a curare-tipped dart
 N - 15 poisoned darts
 Q - a throwing net
Armour
 b - a +0 buckler (worn)
 C - a +0 helmet (worn)
 K - +0 acid dragon scales
 P - a +3 ring mail of poison resistance (worn)
Jewellery
 l - a +4 ring of slaying (left claw)
 y - a ring of positive energy (right claw)
 H - a ring of protection from fire
 O - an amulet of guardian spirit (around neck)
Wands
 g - a wand of digging (3)
 n - a wand of roots (9)
 t - a wand of flame (15)
 A - a wand of paralysis (12)
Scrolls
 c - a scroll of fog
 d - 3 scrolls of poison {unknown}
 e - 2 scrolls of torment {unknown}
 i - 2 scrolls of butterflies {unknown}
 k - 8 scrolls of identify {unknown}
 o - a scroll of teleportation {unknown}
 p - 4 scrolls of enchant weapon {unknown}
 r - 2 scrolls of immolation {unknown}
 s - 2 scrolls of summoning {unknown}
 u - a scroll of magic mapping
 v - 2 scrolls of amnesia {unknown}
 B - a scroll of enchant armour {unknown}
 E - a scroll of fear
 I - a scroll of noise {unknown}
Potions
 h - 2 potions of brilliance {unknown}
 j - 4 potions of curing
 m - a potion of might {unknown}
 q - a potion of resistance
 w - 2 potions of degeneration {unknown}
 x - 2 potions of berserk rage {unknown}
 z - a potion of ambrosia {unknown}
 D - 3 potions of attraction {unknown}
 F - 3 potions of heal wounds {unknown}
 G - 2 potions of mutation {unknown}
 J - a potion of lignification {unknown}
 M - 2 potions of flight {unknown}


   Skills:
 + Level 6.5 Fighting
 + Level 3.9 Axes
 + Level 5.2 Armour
 + Level 5.6 Dodging
 - Level 4.5 Stealth
 + Level 4.6 Shields
 + Level 5.6 Evocations


You had 8 spell levels left.
You didn't know any spells.
Your spell library contained the following spells:

 Spells                   Type           Power      Damage    Failure   Level
 Sandblast                Erth           0%         2d4       58%         1
 Slow                     Hex            0%         N/A       58%         1
 Summon Small Mammal      Summ           0%         N/A       58%         1
 Passwall                 Tmut/Erth      0%         N/A       75%         2
 Call Canine Familiar     Summ           0%         N/A       92%         3
 Confusing Touch          Hex            0%         N/A       92%         3
 Conjure Flame            Conj/Fire      0%         6-21      92%         3
 Ignite Poison            Fire/Tmut/Pois 0%         N/A       92%         3
 Stone Arrow              Conj/Erth      0%         3d7       92%         3
 Summon Guardian Golem    Hex/Summ       0%         N/A       92%         3
 Tukima's Dance           Hex            0%         N/A       92%         3
 Vampiric Draining        Necr           0%         2d6       92%         3
 Passage of Golubria      Tloc           0%         N/A       100%        4
 Sticky Flame             Conj/Fire      0%         2d3       100%        4
 Yara's Violent Unravell  Hex/Tmut       0%         3d3       100%        5


Dungeon Overview and Level Annotations

Branches:
Dungeon (7/15)             Temple (1/1) D:6

Altars:
Ashenzari
Gozag
Kikubaaqudgha
Makhleb
Okawaru
Ru
Sif Muna
Uskayaw
Vehumet
Wu Jian
Lugonu

Portals:
Abyss: D:5


Innate Abilities, Weirdness & Mutations

You have sharp fingernails.
You are partially covered in slimy green scales. (AC +2)
You are mostly covered in sharp spines.


Message History

The gargoyle hurls a stone arrow at you.
The stone arrow hits you!
You are too injured to fight recklessly!
Unknown command.
You are too injured to fight recklessly!
Unknown command.
You are too injured to fight recklessly!
Unknown command.
You hit the gargoyle but do no damage.
The gargoyle is severely damaged.
The gargoyle hits you with a +0 mace! The gargoyle hits you with a +0 mace.
Unknown command.
You barely miss the gargoyle.
The gargoyle is severely damaged.
The orc wizard gestures wildly while chanting.
The orc wizard flickers and vanishes!
Deactivating autopickup; reactivate with Ctrl-A.
The gargoyle hurls a stone arrow at you.
The stone arrow hits you!
* * * LOW HITPOINT WARNING * * *
Okay, then.
Unknown command.
You feel better. The gargoyle hits you with a +0 mace.
Options error: Bad pregen_dungeon value: true (should be classic, false or incremental) (~/.crawlrc:90) Welcome back, flotson the Demonspawn Delver.
Gozag says: Greed is good.
Press ? for a list of commands and other information.
Okay, then.
You feel yourself speed up. The gargoyle hits you with a +0 mace.
* * * LOW HITPOINT WARNING * * *
Unknown command.
You hit the gargoyle.
The gargoyle is severely damaged.
The gargoyle hits you but does no damage.
You hit the gargoyle.
The gargoyle is almost destroyed.
The gargoyle hurls a stone arrow at you.
The stone arrow hits you!!
You die...
Your body crumbles into a pile of gold.

#..### .. #....#...
##......# ##
........#. #.
#.........# ..
#.<####...# o# $ #..#
#..+ o## #..#####..#
#9## #..)......#
##@.#
.##.......#####...#
..........#......##
#####+#########'####
#.........##.......#
#.#.#.#.#.#..#####..#
#.........#.##$ .#
#.#)#.#.#.#.# $ $ #
+.........'.# $


You could see a gargoyle, an orc wizard and an orc.

Vanquished Creatures
  Pikel (D:7)
  Maggie (D:6)
  Joseph (D:7)
  A hornet (D:7)
  Duvessa (D:6)
  2 ice beasts
  A black bear (D:6)
  A sky beast (D:7)
  4 lemures (D:7)
  2 kobold brigands
  4 bullfrogs
  2 necrophages (D:4)
  4 scorpions
  Dowan (D:6)
  4 hounds
  2 jellies (D:6)
  An orc priest (D:7)
  3 iguanas
  Ijyb (D:5)
  2 orc wizards (D:7)
  6 adders
  4 gnolls (D:7)
  A white imp (D:6)
  3 worms
  2 dart slugs
  14 orcs
  13 endoplasms
  6 giant cockroaches
  5 goblins
  6 hobgoblins
  9 jackals
  A quokka (D:1)
  6 ball pythons
  13 bats
  6 frilled lizards
  26 kobolds
  10 rats
  A lurking horror (D:5)
171 creatures vanquished.

Vanquished Creatures (others)
  A jelly (D:5)
  An orc wizard (D:7)
  A bush (D:5)
  A plant (D:5)
4 creatures vanquished.

Grand Total: 175 creatures vanquished

Notes
Turn   | Place    | Note
-------+----------+-------------------------------------------
     0 | D:5      | flotson the Demonspawn Delver began the quest for the Orb.
     0 | D:5      | Reached XP level 1. HP: 18/18 MP: 1/1
     7 | D:5      | Found a one-way gate to the infinite horrors of the Abyss.
   153 | D:5      | Found a corrupted altar of Lugonu.
   191 | D:5      | Gained mutation: You are partially covered in sharp spines.
                  | [demonic ancestry]
   191 | D:5      | Reached XP level 2. HP: 12/24 MP: 2/2
   386 | D:5      | Noticed an ice beast
   497 | D:3      | Reached skill level 1 in Evocations
   502 | D:3      | Reached skill level 1 in Armour
   512 | D:3      | Reached XP level 3. HP: 29/29 MP: 3/3
   856 | D:2      | Reached XP level 4. HP: 35/35 MP: 4/4
  2015 | D:2      | Found a faded altar of an unknown god.
  2213 | D:3      | Reached XP level 5. HP: 42/42 MP: 5/5
  2715 | D:3      | Noticed an ice beast
  2720 | D:3      | Killed an ice beast
  2721 | D:3      | Reached skill level 4 in Fighting
  2721 | D:3      | Reached skill level 1 in Shields
  2995 | D:4      | Gained mutation: You have sharp fingernails. [demonic
                  | ancestry]
  2995 | D:4      | Reached XP level 6. HP: 48/48 MP: 6/6
  3285 | D:4      | Found a hide-covered altar of Uskayaw.
  3375 | D:4      | Found an iron altar of Okawaru.
  3802 | D:5      | Noticed Ijyb
  3821 | D:5      | Killed Ijyb
  3885 | D:5      | Killed an ice beast
  3886 | D:5      | Gained mutation: You are partially covered in slimy green
                  | scales. (AC +2) [demonic ancestry]
  3886 | D:5      | Reached XP level 7. HP: 55/55 MP: 7/7
  3889 | D:5      | Found a radiant altar of Vehumet.
  4110 | D:5      | Found a burning altar of Makhleb.
  4653 | D:6      | Noticed Maggie
  4658 | D:6      | Noticed Dowan
  4658 | D:6      | Noticed Duvessa
  4681 | D:6      | Killed Maggie
  4682 | D:6      | Reached skill level 5 in Fighting
  4682 | D:6      | Found a broken altar of Ashenzari.
  4689 | D:6      | Reached XP level 8. HP: 46/62 MP: 8/8
  4699 | D:6      | Killed Duvessa
  4699 | D:6      | Killed Dowan
  4890 | D:6      | Found a shimmering blue altar of Sif Muna.
  4901 | D:6      | Found an ornate altar of the Wu Jian Council.
  5096 | D:6      | Found a staircase to the Ecumenical Temple.
  5127 | Temple   | Entered the Ecumenical Temple
  5182 | Temple   | Became a worshipper of Gozag Ym Sagoz the Greedy
  5434 | D:7      | Noticed Pikel
  5449 | D:7      | Killed Pikel
  5450 | D:7      | Reached skill level 6 in Fighting
  5450 | D:7      | Reached skill level 5 in Dodging
  5450 | D:7      | Reached skill level 5 in Evocations
  5450 | D:7      | Gained mutation: You are mostly covered in sharp spines.
                  | [demonic ancestry]
  5450 | D:7      | Reached XP level 9. HP: 46/69 MP: 9/9
  5739 | D:7      | Noticed Joseph
  5750 | D:7      | Killed Joseph
  5994 | D:7      | Reached skill level 5 in Armour
  6099 | D:7      | Noticed a gargoyle
  6110 | D:7      | Killed from afar by a gargoyle

Illustrated notes

Levels and vault maps discovered:
D:1:      scummos_arrival_forest, layout_basic, minmay_ruptured
D:2:      layout_basic, shapermc_ecumenical_altar_hornbeckon,
          minmay_joined_circles
D:3:      layout_basic, small_statue_alley_b, roderic_batcave,
          minmay_divided_ellipse
D:4:      layout_loops_corners, nicolae_uskayaw_suspiria,
          okawaru_metal_pillars_3
D:5:      layout_basic, fiery_altar_vehumet,
          gammafunk_temple_overflow_forgotten, amcnicky_altar_lugonu_corruption,
          uniq_ijyb
D:6:      layout_cave_pools, ashenzari_altar_1, mainiacjoe_overflow_24_doors,
          mainiacjoe_overflow_catwalk, minmay_temple_entry_drinking_statues,
          minmay_door_square, nicolae_elevator_lobby_plus, uniq_duvessa,
          uniq_maggie
D:7:      minmay_the_grid_plus [minmay_the_grid_fan,
          minmay_the_grid_holed_spiral, minmay_the_grid_minigrid_small,
          minmay_the_grid_large_cup, minmay_the_grid_prize_inner_circle],
          layout_layer_cave, mainiacjoe_overflow_boulevard,
          minmay_manual_macuahuitl, uniq_joseph, uniq_pikel
Temple:   hellmonk_temple_beads

Skill      XL: |  1  2  3  4  5  6  7  8  9 |
---------------+----------------------------+-----
Dodging        | 2 3 4 5 |  5.6
Evocations     | 1 2 3 4 5 |  5.6
Armour         | 1 2 3 4 5 |  5.2
Fighting       | 4 5 6 |  6.5
Shields        | 1 2 4 |  4.6
Axes           | 3 |  3.9
Stealth        | |  4.5

Action                   |  1- 3 |  4- 6 |  7- 9 || total
-------------------------+-------+-------+-------++-------
Melee: Falchion          |    26 |   108 |    28 ||   162
       Broad axe         |       |       |    99 ||    99
 Fire: Shortbow          |    38 |    59 |       ||    97
Evoke: Wand              |       |       |     5 ||     5
  Use: Scroll            |     2 |       |     1 ||     3
       Potion            |       |       |     3 ||     3
 Stab: Sleeping          |       |     8 |     4 ||    12
       Paralysed         |       |       |    14 ||    14
Armor: Chain mail        |    22 |     7 |       ||    29
       Ring mail         |       |    37 |    34 ||    71
       Acid dragon scale |       |       |    30 ||    30
Dodge: Dodged            |    18 |    62 |    90 ||   170
Block: Buckler           |       |    11 |    27 ||    38

Table legend: (Time is in decaauts)
 A = Elapsed time spent in this place.
 B = Non-inter-level travel time spent in this place.
 C = Inter-level travel time spent in this place.
 D = Time resting spent in this place.
 E = Time spent auto-exploring this place.
 F = Levels seen in this place.
 G = Mean time per level.
                   A        B        C        D        E       F      G
               +--------+--------+--------+--------+--------+-----+--------+
         Total |   6286 |   6080 |    206 |    173 |   4750 |   8 |  785.8 |
       Dungeon |   6215 |   6041 |    174 |    173 |   4718 |   7 |  887.9 |
        Temple |     70 |     38 |     32 |      0 |     32 |   1 |   70.0 |
               +--------+--------+--------+--------+--------+-----+--------+

Top non-repeatable levels by time:
     D:5: 1344 daAuts
     D:4: 984 daAuts
     D:3: 977 daAuts
     D:6: 868 daAuts
     D:2: 772 daAuts
     D:1: 654 daAuts
     D:7: 614 daAuts
  Temple: 70 daAuts
